 Dungeon Crawl Stone Soup version 0.28-a0-1002-gf00fe891ef (webtiles) character file.

Game seed: 9733299665217777660

210 voltaire321 the Conjurer (level 5, -5/42 HPs)
             Began as a Draconian Conjurer on Dec 6, 2021.
             Slain by an ice beast (13 damage)
             ... on level 3 of the Dungeon.
             The game lasted 00:11:33 (3229 turns).

voltaire321 the Conjurer (Draconian Conjurer)       Turns: 3229, Time: 00:11:33

Health: -5/42      AC:  6    Str: 10    XL:     5   Next: 57%
Magic:  9/9        EV: 20    Int: 20    God:
Gold:   106        SH:  0    Dex:  9    Spells: 7/10 levels left

rFire   . . .      SeeInvis .   l - +1 dagger (venom)
rCold   . . .      Faith    .   (no shield)
rNeg    . . .      Spirit   .   (armour unavailable)
rPois   .          Reflect  .   (helmet restricted)
rElec   .          Harm     .   (no cloak)
rCorr   .          Rampage  .   (no gloves)
Will    .....                   n - +0 pair of boots
Stlth   ++........              h - amulet of regeneration
HPRegen 0.94/turn               c - +4 ring of evasion
MPRegen 0.11/turn               f - +4 ring of evasion

@: slowed, very slow
A: AC +5, unfitting armour, cold-blooded
a: no special abilities


You were on level 3 of the Dungeon.
You visited 1 branch of the dungeon, and saw 3 of its levels.

You collected 106 gold pieces.

Inventory:

Hand Weapons
 l - a +1 dagger of venom (weapon)
Missiles
 k - 13 poisoned darts
Armour
 n - a +0 pair of boots (worn)
Jewellery
 c - a +4 ring of evasion (left hand)
 f - a +4 ring of evasion (right hand)
 h - an amulet of regeneration (around neck)
Wands
 i - a wand of iceblast (2)
Scrolls
 g - a scroll of amnesia
Potions
 a - a potion of might
 b - a potion of resistance {unknown}
 d - a potion of berserk rage {unknown}
 e - a potion of brilliance {unknown}
 j - 2 potions of curing {unknown}
 p - a potion of ambrosia {unknown}
 q - a potion of flight {unknown}


   Skills:
 + Level 2.7 Fighting
 + Level 3.0 Dodging
 - Level 1.7 Stealth
 + Level 3.1 Spellcasting
 + Level 4.9 Conjurations


You had 7 spell levels left.
You knew the following spells:

 Your Spells              Type           Power      Damage    Failure   Level
a - Magic Dart            Conj           88%        1d7       1%          1
b - Searing Ray           Conj           44%        2d6       2%          2

Your spell library contained the following spells:

 Spells                   Type           Power      Damage    Failure   Level
 Dazzling Flash           Conj/Hex       26%        N/A       16%         3
 Fulminant Prism          Conj/Hex       6%         3d7       45%         4
 Iskenderun's Mystic Bla  Conj/Tloc      13%        2d5       45%         4
 Airstrike                Air            1%         N/A       80%         4
 Summon Lightning Spire   Summ/Air       3%         N/A       80%         4
 Lightning Bolt           Conj/Air       6%         1d18      80%         5


Dungeon Overview and Level Annotations

Branches:
Dungeon (3/15)

Altars:


Innate Abilities, Weirdness & Mutations

Your plain brown scales are hard. (AC +5)
You cannot fit into any form of body armour.
You are cold-blooded and may be slowed by cold attacks.


Message History

The bat closely misses you. The bat misses you.
You miss the bat.
The bat is severely wounded.
You kill the bat!
The ball python bites you but does no damage.
The ball python misses you.
You hit the ball python.
You kill the ball python!
You barely miss the quokka. You tail-slap the quokka.
The quokka is moderately wounded.
The quokka completely misses you. x2
You closely miss the quokka.
Your tail-slap misses the quokka.
The quokka is moderately wounded.
The quokka barely misses you.
You hit the quokka but do no damage.
The quokka is poisoned.
The quokka is moderately wounded.
The quokka closely misses you.
You barely miss the quokka.
The quokka is moderately wounded.
The quokka bites you.
You barely miss the quokka.
The quokka is severely wounded.
You kill the quokka!
You hit the ice beast but do no damage. The ice beast barely misses you.
You hit the ice beast but do no damage. The ice beast barely misses you.
You hit the ice beast but do no damage. The ice beast hits you.
The ice beast freezes you.
You feel yourself slow down.
You hit the ice beast but do no damage. You tail-slap the ice beast.
The ice beast is lightly wounded.
The ice beast hits you. The ice beast freezes you!
You feel as though you will be slow longer.
You hit the ice beast.
The ice beast is poisoned.
The ice beast is lightly wounded.
The ice beast misses you. The ice beast hits you. The ice beast freezes you!
* * * LOW HITPOINT WARNING * * *
You feel yourself speed up. The ice beast hits you.
* * * LOW HITPOINT WARNING * * *
The ice beast freezes you!
You feel yourself slow down.
You die...

.......# #.......#
#.........<# .......#
#.......# ##...#....##
.......# #####...#
#...#....# .......#
##### ###...#.####
.......# .......#.#####
##.#.#.####
##.#######......
#..<.....# ... ##.....
#####.##.#######.#.####
#.....
#.......g.Y@.......
#.....
#..####.###.##.#.##
#..... #..####.###.#
##.### #.S..g.......
#.... ###.##.###.##.#
#.... #...............
#.... #....##b#.##.#.#.
#....
......##Y.......#.
#.... ..#.......#.#.$.
##....


You could see an ice beast (poisoned) and a hobgoblin.

Vanquished Creatures
  A hound (D:3)
  Jessica (D:2)
  Robin (D:2)
  7 adders
  A dart slug (D:1)
  An orc (D:3)
  7 endoplasms
  2 giant cockroaches (D:1)
  7 hobgoblins
  5 jackals
  A quokka (D:3)
  4 ball pythons
  7 bats
  6 frilled lizards
  14 goblins
  5 kobolds
  4 rats
74 creatures vanquished.

Notes
Turn   | Place    | Note
-------+----------+-------------------------------------------
     0 | D:1      | voltaire321 the Draconian Conjurer began the quest for the
                  | Orb.
     0 | D:1      | Reached XP level 1. HP: 14/14 MP: 3/3
   130 | D:1      | Found a faded altar of an unknown god.
   401 | D:1      | Reached XP level 2. HP: 22/22 MP: 0/5
   482 | D:1      | Reached skill level 1 in Fighting
   525 | D:1      | Learned a level 2 spell: Searing Ray
  1418 | D:1      | Reached XP level 3. HP: 28/28 MP: 3/6
  1877 | D:2      | Noticed Robin
  1885 | D:2      | Killed Robin
  1958 | D:2      | Reached XP level 4. HP: 31/36 MP: 7/7
  2563 | D:2      | Noticed Jessica
  2571 | D:2      | Killed Jessica
  2572 | D:2      | Reached XP level 5. HP: 35/42 MP: 9/9
  3193 | D:3      | Noticed an ice beast
  3229 | D:3      | Slain by an ice beast

Illustrated notes

Levels and vault maps discovered:
D:1:      dpeg_arrival_three_smaller_balls, layout_loops_ring,
          nicolae_ecumenical_lake_church
D:2:      minmay_angry_zag, layout_basic, hangedman_glass_garden,
          amcnicky_mini_corridor_feature, uniq_jessica, uniq_robin
D:3:      layout_basic, minmay_diced_spiral, uniq_crazy_yiuf_cottage

Skill      XL: |  1  2  3  4  5 |
---------------+----------------+-----
Dodging        | 2 3 |  3.0
Fighting       | 1 2 |  2.7
Spellcasting   | 3 |  3.1
Stealth        | |  1.7
Conjurations   | |  4.9

Action                   |  1- 3 |  4- 6 || total
-------------------------+-------+-------++-------
Melee: Unarmed           |     2 |       ||     2
       Dagger            |    38 |    66 ||   104
       Tailslap          |     4 |     7 ||    11
 Cast: Magic Dart        |    67 |    11 ||    78
       Searing Ray       |     4 |     1 ||     5
  Use: Scroll            |       |     5 ||     5
 Stab: Sleeping          |       |     1 ||     1
Armor: Skin              |     5 |    16 ||    21
Dodge: Dodged            |    25 |    72 ||    97

Table legend: (Time is in decaauts)
 A = Elapsed time spent in this place.
 B = Non-inter-level travel time spent in this place.
 C = Inter-level travel time spent in this place.
 D = Time resting spent in this place.
 E = Time spent auto-exploring this place.
 F = Levels seen in this place.
 G = Mean time per level.
                   A        B        C        D        E       F      G
               +--------+--------+--------+--------+--------+-----+--------+
         Total |   3230 |   3141 |     89 |   1098 |   1237 |   3 | 1076.7 |
       Dungeon |   3230 |   3141 |     89 |   1098 |   1237 |   3 | 1076.7 |
               +--------+--------+--------+--------+--------+-----+--------+

Top non-repeatable levels by time:
     D:1: 1648 daAuts
     D:2: 1136 daAuts
     D:3: 445 daAuts
